AoeStats
← WDDR

Arabia

509642290Analyzed
1v1 RM · 5d ago on Sep 27, 2026· 55m 8s· 2 players
Game mode
Random Map
Map size
Tiny (2 player)
Population
200
Speed
Normal
Resources
Standard
Victory
Conquest
Starting age
Dark Age
Ending age
Imperial Age
RankedLock teamsTeams togetherTeam positionsShared explorationLock speedFull tech treeHidden civsTurbo modeCheats
Victory
Defeat
🇨🇳 Hindustanis · China
1358
+17
🇩🇪 Magyars · Germany
1387
-17
WDDR
5:51 Loom
8:52 Feudal Age
9:23 Double-Bit Axe
13:20 Horse Collar
19:05 Forging
19:18 Bloodlines
22:56 Castle Age
20:54 Gold Mining
21:38 Bloodlines
21:53 Scale Barding Armor
24:03 Wheelbarrow
22:58 Light Cavalry
23:59 Chain Barding Armor
24:14 Bow Saw
25:36 Heavy Plow
26:49 Husbandry
27:24 Stone Mining
27:28 Town Watch
28:17 Stone Mining
31:52 Fletching
39:24 Imperial Age
38:27 Iron Casting
38:34 Grand Trunk Road
41:13 Chemistry
39:50 Heavy Camel Rider
42:22 Conscription
42:54 Plate Barding Armor
42:48 Conscription
44:46 Blast Furnace
44:18 Ballistics
51:56 Hand Cart
52:24 Masonry
54:17 Hoardings
53:56 Imperial Camel Rider
55:03 Siege Engineers
risingeagle3
6:38 Loom
9:22 Feudal Age
8:55 Loom
10:17 Double-Bit Axe
10:13 Horse Collar
12:57 Town Watch
18:52 Castle Age
18:41 Bloodlines
18:45 Fletching
19:00 Gold Mining
19:15 Padded Archer Armor
20:26 Husbandry
27:48 Bow Saw
28:52 Bodkin Arrow
30:24 Wheelbarrow
30:26 Heavy Plow
37:58 Imperial Age
35:49 Hand Cart
36:59 Corvinian Army
37:19 Scale Barding Armor
37:30 Leather Archer Armor
40:28 Thumb Ring
41:26 Pikeman
44:22 Chain Barding Armor
44:03 Bracer
46:12 Scale Mail Armor
49:15 Parthian Tactics
48:13 Heavy Cavalry Archer
50:14 Siege Engineers
50:04 Murder Holes
50:33 Ballistics
51:13 Chemistry
51:13 Halberdier
54:00 Conscription
53:02 Elite Magyar Huszar
Connection lost

Rejoining the realm…

Still unreachable

The connection could not be restored.

Session expired

The server has moved on; the page needs a fresh start.